cohdb
Replays
Latest Replays
All Replays
Popular Replays
Top Player Replays
Match Explorer
How It Works
Community
CoH3 Stats
Reddit
Sign in to upload your games and track your stats! →
Sign in with Steam
Match 42518916
Unlisted
Match 42518916
Overview
Messages
Build Orders
End
Construct Section Command Post
Vickers Machine Gun Team
Infantry Section
ML 3-inch Mortar Team
Selects Air and Sea Battlegroup
Selects Air and Sea Battlegroup
Construct Platoon Command Post
6-pounder Anti-tank Gun Team
Selects Supply Surplus
Construct Field Infirmary
Forward Retreat Point
Construct Company Command Post
Selects Commando Section Paradrop
Selects Commando Support Section Paradrop
Commando Support Section Paradrop
Crusader II Medium Tank
Commando Section Paradrop
Royal Engineer Section
Crusader II Medium Tank
Crusader II Medium Tank
Selects UNKNOWN (223837)
Crusader II Medium Tank
Armored Vehicle Training
I SikhWarrior I
Walther
[Desi]Padda69
.
Le rat Madan
Vasilli Grozny
Manu
WrebbsJohnsonGiver
0
0
Comments
sign in to comment!
No comments posted yet!